 Dungeon Crawl Stone Soup version 0.25-b1-29-g4cfa5c7bda (webtiles) character file.

Game seed: 11633111228850738874, levelgen mode: deterministic

490 Delamore the Cudgeler (level 7, -4/41 HPs)
             Began as a Gargoyle Fighter on June 3, 2020.
             Slain by Edmund
             ... wielding a +6 flail of protection
              (6 damage)
             ... on level 3 of the Dungeon.
             The game lasted 00:04:00 (3203 turns).

Delamore the Cudgeler (Gargoyle Fighter)            Turns: 3203, Time: 00:04:01

Health: -4/41      AC: 11    Str: 22    XL:     7   Next: 14%
Magic:  0/7        EV:  7    Int:  8    God:
Gold:   198        SH:  9    Dex:  9    Spells: 6/6 levels left

rFire    . . .     SeeInvis .   a - +0 flail
rCold    . . .     Gourm    .   c - +0 kite shield
rNeg     + . .     Faith    .   b - +0 scale mail
rPois    ∞         Spirit   +   (no helmet)
rElec    +         Reflect  .   (no cloak)
rCorr    .         Harm     .   (no gloves)
MR       .....                  (no boots)
Stlth    ..........             p - amulet of guardian spirit
HPRegen  0.13/turn              (no ring)
MPRegen  0.10/turn              (no ring)

@: mighty
A: negative energy resistance 1, electricity resistance, unbreathing,
petrification resistance, rot immunity, AC +4
a: no special abilities


You were on level 3 of the Dungeon.
You were not hungry.

You visited 1 branch of the dungeon, and saw 4 of its levels.

You collected 198 gold pieces.

Inventory:

Hand Weapons
 a - a +0 flail (weapon)
Missiles
 u - 4 poisoned darts (quivered)
Armour
 b - a +0 scale mail (worn)
 c - a +0 kite shield (worn)
Jewellery
 p - an amulet of guardian spirit (around neck)
Scrolls
 e - 2 scrolls of teleportation {unknown}
 h - a scroll of noise {unknown}
 i - 5 scrolls of identify {unknown}
 j - 2 scrolls of remove curse {unknown}
 o - a scroll of magic mapping {unknown}
 q - a scroll of blinking {unknown}
 r - a scroll of fear {unknown}
 t - 2 scrolls of enchant weapon {unknown}
 v - a scroll of immolation {unknown}
 x - 2 scrolls of amnesia {unknown}
Potions
 k - a potion of cancellation {unknown}
 l - a potion of berserk rage {unknown}
 m - a potion of flight {unknown}
 n - 2 potions of mutation {unknown}
 s - a potion of haste {unknown}
 w - 2 potions of stabbing {unknown}
 z - a potion of brilliance {unknown}
 A - a potion of invisibility {unknown}
 B - a potion of lignification {unknown}
Comestibles
 f - 4 rations


   Skills:
 - Level 3.2 Fighting
 + Level 7.5 Maces & Flails
 - Level 3.2 Armour
 - Level 3.2 Shields


You had 6 spell levels left.
You didn't know any spells.
Your spell library contained the following spells:

 Spells                   Type           Power        Failure   Level  Hunger
 Beastly Appendage        Tmut           #.....       99%         1    ##.....
 Sticks to Snakes         Tmut           #.......     100%        2    ###....
 Spider Form              Tmut/Pois      #.........   100%        3    ####...
 Ice Form                 Ice/Tmut       #.......     100%        4    #####..
 Blade Hands              Tmut           #.........   100%        5    ######.


Dungeon Overview and Level Annotations

Branches:
Dungeon (4/15)
 Temple: D:4-7

Altars:
Ru

Annotations:
D:3 Edmund
D:4 Duvessa, Robin


Innate Abilities, Weirdness & Mutations

You are resistant to torment.
Your stone body is resilient. (AC +4)
You are immune to poison.
You resist negative energy. (rN+)
You are resistant to electric shocks. (rElec)
You can survive without breathing.
You are immune to petrification.
You are immune to rotting.


Message History

Edmund hits you but does no damage.
You closely miss Edmund. The howler monkey hits you.
* * * LOW HITPOINT WARNING * * *
You block the howler monkey's attack. Edmund hits you but does no damage.
You closely miss Edmund.
The howler monkey hits you but does no damage.
You sock Edmund!
Edmund is lightly wounded.
Edmund hits you with a +6 flail of protection.
* * * LOW HITPOINT WARNING * * *
You block the howler monkey's attack.
You sock Edmund!
Edmund is moderately wounded.
The howler monkey hoots and howls with incredible vigour!
You block Edmund's attack.
The howler monkey hits you but does no damage.
You closely miss Edmund.
Edmund is moderately wounded.
Edmund hits you with a +6 flail of protection!
You die...

....# ###.# #######
###.### #.....#
......# #.##.##
###.#.# #.##.#
....#.# #.##.#
......# #.##.#
################@##.#
[...............@>#.#
.######.######..h##.#
'## #.# #.####.# ..#
#.# #.# #.#
..#####.######.# #.#
...).........#.####.#
...####'####.#...##.#
...##........###.##.#
...##............##.#


You could see Edmund and a howler monkey (catching breath).

Vanquished Creatures
  A water moccasin (D:3)
  A phantom (D:3)
  A scorpion (D:2)
  2 orc priests (D:3)
  An iguana (D:3)
  3 gnolls (D:3)
  3 adders
  2 worms (D:3)
  A dart slug (D:2)
  3 leopard geckos
  8 orcs
  11 bats
  6 giant cockroaches
  17 goblins
  12 hobgoblins
  6 jackals (D:3)
  2 quokkas
  5 frilled lizards
  6 kobolds
  9 rats
100 creatures vanquished.

Vanquished Creatures (others)
  A frilled lizard (D:4)
1 creature vanquished.

Grand Total: 101 creatures vanquished

Notes
Turn   | Place    | Note
-------+----------+-------------------------------------------
     0 | D:1      | Delamore the Gargoyle Fighter began the quest for the Orb.
     0 | D:1      | Reached XP level 1. HP: 14/14 MP: 1/1
   120 | D:1      | Reached XP level 2. HP: 19/19 MP: 2/2
   305 | D:1      | Reached skill level 3 in Maces & Flails
   687 | D:1      | Reached XP level 3. HP: 23/23 MP: 3/3
  1000 | D:2      | Noticed a scorpion
  1019 | D:2      | Killed a scorpion
  1019 | D:2      | Reached skill level 4 in Maces & Flails
  1019 | D:2      | Reached XP level 4. HP: 4/28 MP: 1/4
  1508 | D:2      | Found a sacrificial altar of Ru.
  1700 | D:3      | Reached skill level 5 in Maces & Flails
  1700 | D:3      | Reached XP level 5. HP: 28/32 MP: 5/5
  2020 | D:3      | Noticed a water moccasin
  2033 | D:3      | Killed a water moccasin
  2033 | D:3      | Reached skill level 6 in Maces & Flails
  2033 | D:3      | Reached XP level 6. HP: 20/37 MP: 3/6
  2963 | D:4      | Noticed a phantom
  3006 | D:3      | Killed a phantom
  3006 | D:3      | Reached skill level 7 in Maces & Flails
  3006 | D:3      | Reached XP level 7. HP: 39/41 MP: 7/7
  3021 | D:4      | Noticed Robin
  3029 | D:4      | Noticed Edmund
  3029 | D:4      | Noticed Duvessa
  3201 | D:3      | HP: 1/41 [Edmund/+6 flail of protection (3)]
  3203 | D:3      | Slain by Edmund

Illustrated notes

Levels and vault maps discovered:
D:1:      mrwooster_arrival_statue_3, layout_loops_ring
D:2:      layout_basic, nicolae_ru_path_of_blood, minmay_misc_feat_ornament,
          chequers_serial_rivers_micro_c
D:3:      layout_basic, first_ration, minmay_goblin_kobold_house
D:4:      layout_cave_pools, serial_rivers, chequers_serial_rivers_large_b,
          chequers_serial_rivers_micro_c, chequers_serial_rivers_room_b,
          chequers_serial_rivers_room_a, chequers_serial_rivers_small_a,
          uniq_ijyb, uniq_robin, uniq_edmund, uniq_duvessa

Skill      XL: |  1  2  3  4  5  6 |
---------------+-------------------+-----
Maces & Flails | 3 4 5 6 7 |  7.5
Fighting       | |  3.2
Armour         | |  3.2
Shields        | |  3.2

Action                   |  1- 3 |  4- 6 |  7- 9 || total
-------------------------+-------+-------+-------++-------
Melee: Flail             |   129 |   238 |    40 ||   407
  Use: Potion            |       |     1 |     1 ||     2
  Eat: Chunk             |     1 |     6 |     1 ||     8
Armor: Scale mail        |    94 |   141 |    22 ||   257
Dodge: Dodged            |    56 |    61 |    21 ||   138
Block: Kite shield       |    86 |   126 |    38 ||   250
